 Dungeon Crawl Stone Soup version 0.25-a0-558-g78a2afb0af (webtiles) character file.

Game seed: 4221141922785494748, levelgen mode: classic

1163 EnegeticOcto the Chopper (level 8, 54/75 HPs)
             Began as a Deep Dwarf Fighter on Feb 24, 2020.
             Quit the game on level 6 of the Dungeon.
             The game lasted 00:02:17 (1619 turns).

EnegeticOcto the Chopper (Deep Dwarf Fighter)       Turns: 1619, Time: 00:02:18

Health: 54/75      AC: 13    Str: 23    XL:     8   Next: 17%
Magic:  7/7        EV:  7    Int:  8    God:
Gold:   230        SH: 10    Dex: 12    Spells: 7/7 levels left

rFire    . . .     SeeInvis .   a - +0 war axe
rCold    . . .     Gourm    .   c - +0 kite shield
rNeg     . . .     Faith    .   s - +0 chain mail
rPois    .         Spirit   .   (no helmet)
rElec    .         Reflect  .   (no cloak)
rCorr    .         Harm     .   (no gloves)
MR       +....                  (no boots)
Stlth    ..........             (no amulet)
HPRegen  0.00/turn              g - +4 ring of protection {=R}
MPRegen  0.10/turn              b - ring of attention (curse)

@: non-regenerating, lightly drained
A: damage resistance, heal wounds, sense surroundings 1, no regeneration
a: Heal Wounds


You were on level 6 of the Dungeon.
You were not hungry.

You visited 1 branch of the dungeon, and saw 6 of its levels.
You also visited: Ossuary.

You collected 260 gold pieces.
You spent 30 gold pieces at shops.

Inventory:

Hand Weapons
 a - a +0 war axe (weapon)
Missiles
 C - a throwing net (quivered)
Armour
 c - a +0 kite shield (worn)
 s - a +0 chain mail (worn)
Jewellery
 b - a cursed ring of attention (right hand)
 g - a +4 ring of protection (left hand) {=R}
 v - a +2 amulet of reflection {unknown}
 A - an uncursed amulet of guardian spirit {unknown}
Scrolls
 f - a scroll of enchant armour {unknown}
 m - 7 scrolls of identify {unknown}
 n - a scroll of blinking {unknown}
 o - 3 scrolls of teleportation {@r2}
 r - a scroll of noise {unknown}
 t - a scroll of remove curse {unknown}
 w - a scroll of immolation {unknown}
 y - 2 scrolls of amnesia {unknown}
 z - a scroll of fear {unknown}
Potions
 d - a potion of cancellation {unknown}
 h - 2 potions of ambrosia {unknown}
 i - 3 potions of curing {unknown}
 j - 2 potions of degeneration {unknown}
 k - 3 potions of might {@q3}
 l - 2 potions of invisibility {unknown}
 p - a potion of brilliance {unknown}
 q - a potion of mutation {unknown}
 u - a potion of magic {unknown}
 x - a potion of stabbing {unknown}
 B - a potion of heal wounds {unknown}
Comestibles
 e - 2 rations
 D - 7 chunks of flesh


   Skills:
 * Level 5.4(5.1) Fighting
 * Level 6.2(5.8) Axes
 + Level 5.1(4.8) Armour
 + Level 3.6(3.2) Dodging
 + Level 5.1(4.8) Shields


You had 7 spell levels left.
You didn't know any spells.
Your spell library was empty.

Dungeon Overview and Level Annotations

Branches:
Dungeon (7/15)            Ossuary (visited)
 Temple: D:4-7

Altars:
Gozag
Ru

Shops:
D:6 ?


Innate Abilities, Weirdness & Mutations

You are resistant to damage.
You can heal yourself by infusing magical energy.
You passively map a small area around you.
You do not regenerate.


Message History

Things that are here:
a jackal skeleton x2
You butcher the jackal corpse.
D - 7 chunks of flesh (gained 2)
You see here a jackal skeleton. x2
Things that are here:
a jackal skeleton x2
Found a long sword.
You see here a long sword.
A bullfrog zombie comes into view.
A bullfrog zombie is nearby!
A bullfrog zombie is nearby!
A bullfrog zombie is nearby!
A bullfrog zombie is nearby!
A bullfrog zombie is nearby!
A bullfrog zombie is nearby!
A bullfrog zombie is nearby!
You hit the bullfrog zombie but do no damage.
You block the bullfrog zombie's attack. The bullfrog zombie hits you.
Your shield and chain mail prevent you from hitting the bullfrog zombie.
You block the bullfrog zombie's attack.
You hit the bullfrog zombie.
The bullfrog zombie is lightly damaged.
The bullfrog zombie hits you but does no damage. x2
You hit the bullfrog zombie.
The bullfrog zombie is lightly damaged.
You block the bullfrog zombie's attack.
The bullfrog zombie hits you but does no damage.
You hit the bullfrog zombie.
The bullfrog zombie is moderately damaged.
The bullfrog zombie hits you but does no damage.
You closely miss the bullfrog zombie.
The bullfrog zombie is moderately damaged.
You block the bullfrog zombie's attack. x2
You hit the bullfrog zombie.
The bullfrog zombie is heavily damaged.
The bullfrog zombie hits you but does no damage.
The bullfrog zombie barely misses you.
You slash the bullfrog zombie!
The bullfrog zombie is severely damaged.
The bullfrog zombie hits you.
A bullfrog zombie is nearby!
A bullfrog zombie is nearby!
A bullfrog zombie is nearby!
Your chain mail prevents you from hitting the bullfrog zombie.
The bullfrog zombie is severely damaged.
The bullfrog zombie hits you but does no damage.
The bullfrog zombie closely misses you.
Your shield prevents you from hitting the bullfrog zombie.
The bullfrog zombie is severely damaged.
You block the bullfrog zombie's attack.
The bullfrog zombie hits you but does no damage.
You hit the bullfrog zombie.
The bullfrog zombie is almost destroyed.
You block the bullfrog zombie's attack.
You hit the bullfrog zombie.
The bullfrog zombie is almost destroyed.
The bullfrog zombie hits you. You block the bullfrog zombie's attack.
You slash the bullfrog zombie!
You destroy the bullfrog zombie!
No target in view!
Found 26 arrows.
You open the door.
Found a whip and a glowing ring mail.
There is an open door here.
You open the door.
There is an open door here.
A quokka comes into view.
A quokka is nearby!
A quokka is nearby!
You block the quokka's attack.
You closely miss the quokka. You block the quokka's attack.
The quokka twitches its whiskers.
The quokka bites you but does no damage.
You closely miss the quokka. The quokka barely misses you.
You closely miss the quokka. You block the quokka's attack.
The quokka bites you but does no damage.
You slash the quokka!
You kill the quokka!
No target in view!
No target in view!
No target in view!
No target in view!
No target in view!
No target in view!
Unknown command.
Unknown command.
Unknown command.
Unknown command.
Unknown command.
Unknown command.
Unknown command.
Okay, then.
Okay, then.
Unknown command.
That item cannot be evoked!
Unknown command.
Unknown command.
Are you sure you want to abandon this character and quit the game? (Confirm with "yes".)

, * , , * * * * #
##+#* .### , ##...## *
... ##.....## * ...# *
##.......## #.#.# , ,
#[........####†...###
,
+..)......'..@.......
*
*#.........####.....##
#.......## #.#..#
##.....## ## ... ,*
##...## , # , ##'## *
#.# * #.# * * ##.##


There were no monsters in sight!

Vanquished Creatures
  Grinder (D:6)
  A centaur (D:4)
  2 bullfrogs
  4 wights (D:6)
  4 centaur zombies (Ossuary)
  2 bullfrog zombies
  A jelly (D:7)
  An orc wizard (D:4)
  3 hound zombies (Ossuary)
  11 mummies (Ossuary)
  A worker ant zombie (Ossuary)
  5 adders
  4 adder zombies (Ossuary)
  2 dart slugs
  2 worms (D:2)
  A leopard gecko (D:4)
  7 orcs
  A ball python (D:2)
  6 goblins
  7 hobgoblins
  8 jackals
  A kobold (D:2)
  2 quokkas
  A ball python skeleton (D:4)
  A ball python zombie (Ossuary)
  5 bats
  A giant cockroach zombie (Ossuary)
  3 leopard gecko zombies (Ossuary)
  2 quokka skeletons
  2 rats
92 creatures vanquished.

Vanquished Creatures (others)
  2 withered plants (Ossuary)
2 creatures vanquished.

Grand Total: 94 creatures vanquished

Notes
Turn   | Place    | Note
-------+----------+-------------------------------------------
     0 | D:1      | EnegeticOcto the Deep Dwarf Fighter began the quest for the
                  | Orb.
     0 | D:1      | Reached XP level 1. HP: 20/20 MP: 1/1
   128 | D:1      | Reached XP level 2. HP: 24/27 MP: 2/2
   290 | D:2      | Reached XP level 3. HP: 22/34 MP: 3/3
   311 | D:2      | Reached skill level 3 in Axes
   350 | D:2      | Reached skill level 1 in Dodging
   481 | D:3      | Reached XP level 4. HP: 42/42 MP: 4/4
   707 | D:4      | Found an opulent altar of Gozag.
   809 | D:4      | Noticed a centaur
   830 | D:4      | Killed a centaur
   830 | D:4      | Reached skill level 4 in Axes
   830 | D:4      | Reached XP level 5. HP: 31/50 MP: 5/5
   841 | D:4      | You fall into a shaft and drop 3 floors!
   909 | D:7      | Reached XP level 6. HP: 45/57 MP: 6/6
   943 | D:6      | Found Vuhem's Magic Scroll Shoppe.
   947 | D:6      | Noticed Grinder
   964 | D:6      | Paralysed by Grinder for 6 turns
   972 | D:6      | Paralysed by Grinder for 2 turns
   984 | D:6      | Killed Grinder
   986 | D:6      | Bought a scroll of teleportation for 30 gold pieces
   998 | D:6      | Found a sacrificial altar of Ru.
  1043 | D:6      | Reached skill level 5 in Axes
  1043 | D:6      | Reached XP level 7. HP: 34/66 MP: 7/7
  1138 | D:6      | Found a sand-covered staircase.
  1171 | Ossuary  | Entered an ossuary
  1247 | Ossuary  | Reached skill level 5 in Fighting
  1297 | Ossuary  | Reached skill level 5 in Armour
  1299 | Ossuary  | Reached skill level 5 in Shields
  1301 | Ossuary  | Reached XP level 8. HP: 48/74 MP: 7/7
  1334 | Ossuary  | Reached skill level 6 in Axes
  1619 | D:6      | Quit the game

Levels and vault maps discovered:
D:1:      psy_arrival_terrarium, layout_loops_ring, minmay_domino_2
D:2:      layout_basic
D:3:      layout_basic, eat_drink_and_be_merry_uskayaw,
          gammafunk_ghost_cemetery, minmay_box_of_dots
D:4:      layout_loops_cross, kennysheep_mini_moat, grunt_gozag_breadcrumbs,
          first_ration, minmay_misc_feat_rows
D:6:      layout_loops_corners, nicolae_ru_the_path_less_chosen, serial_shops,
          shop, nicolae_ossuary_entry_monument, uniq_grinder
D:7:      layout_loops_corners, kennysheep_little_box, bloody_makhleb,
          temple_green, uniq_maggie

Skill      XL: |  1  2  3  4  5  6  7  8 |
---------------+-------------------------+-----
Fighting       | 3 4 5 |  5.4
Axes           | 3 4 5 6 |  6.2
Dodging        | 1 2 3 |  3.6
Armour         | 4 5 |  5.1
Shields        | 4 5 |  5.1

Action                   |  1- 3 |  4- 6 |  7- 9 || total
-------------------------+-------+-------+-------++-------
Melee: War axe           |    86 |   108 |   186 ||   380
 Abil: Heal Wounds       |     1 |     4 |     8 ||    13
 Stab: Distracted        |       |       |     1 ||     1
  Eat: Chunk             |       |     1 |       ||     1
       Ration            |       |       |     1 ||     1
Armor: Scale mail        |    44 |    12 |       ||    56
       Chain mail        |       |    61 |   109 ||   170
Dodge: Dodged            |    26 |    31 |    58 ||   115
Block: Kite shield       |    49 |    75 |   113 ||   237

Table legend:
 A = Non-vault XP
 B = Vault XP
 C = Vault XP percentage of total XP
 D = Non-vault monster count
 E = Vault monster count
 F = Vault count percentage of total count
                 A         B        C        D         E       F
            +---------+---------+-------+---------+---------+-------
      Total |     809 |     853 |  51.3 |      59 |      33 |  35.9
            +---------+---------+-------+---------+---------+-------
        D:1 |      16 |       0 |   0.0 |       7 |       0 |   0.0
        D:2 |      80 |       0 |   0.0 |      17 |       0 |   0.0
        D:3 |      23 |       4 |  14.8 |       5 |       3 |  37.5
        D:4 |     183 |       0 |   0.0 |      14 |       0 |   0.0
        D:6 |     379 |     281 |  42.6 |      14 |       1 |   6.7
        D:7 |     128 |       0 |   0.0 |       2 |       0 |   0.0
    Ossuary |       0 |     568 | 100.0 |       0 |      29 | 100.0
            +---------+---------+-------+---------+---------+-------
